 Dungeon Crawl Stone Soup version 0.31-a0-803-g95b03c3367 (webtiles) character file.

Game seed: 5952667765670363377

68088 Dirtsage the Carver (level 14, -10/111 HPs)
             Began as a Demonspawn Fighter on Sept 20, 2023.
             Was a Follower of Wu Jian.
             Mangled by a minotaur
             ... wielding a +1 vampiric great sword
              (12 damage)
             ... in a Gauntlet on Sept 21, 2023.
             The game lasted 00:56:59 (18543 turns).

Dirtsage the Carver (Demonspawn Fighter)           Turns: 18543, Time: 00:56:59

Health: -10/111    AC: 13    Str: 20    XL:     14   Next: 85%
Magic:  23/23      EV: 10    Int: 10    God:    Wu Jian [*.....]
Gold:   1463       SH:  7    Dex: 18    Spells: 16/17 levels left

rFire   x . .        x - +7 captain's cutlass {speed, disarm}
rCold   + + .        c - +0 buckler
rNeg    + + .        f - +2 ring mail {rC+}
rPois   +            S - +0 hat "Etuthroe" {rN++}
rElec   .            b - +0 cloak {rPois}
rCorr   .            (gloves unavailable)
SInv    .            o - +0 pair of boots
Will    +....        p - amulet of regeneration
Stlth   ++++++       Y - ring of ice
HPRegen 1.18/turn    s - +4 ring of protection
MPRegen 0.18/turn

%: no teleportation
@: no status effects
A: claws 3, thin skeletal structure 2, demonic guardian 3, ignite blood 2,
bedeviling
a: Renounce Religion


You were in a Gauntlet.
You worshipped Wu Jian.
Wu Jian was aware of your devotion.
You visited 3 branches of the dungeon, and saw 18 of its levels.
You also visited: Sewer, Ossuary and Gauntlet.

You collected 1463 gold pieces.

Inventory:

Hand Weapons
 x - the +7 captain's cutlass (weapon) {speed, disarm}
   (You took it off Josephine on level 5 of the Lair of Beasts)
Missiles
 Q - a throwing net
 W - 3 silver javelins
 Z - 2 curare-tipped darts
Armour
 b - a +0 cloak of poison resistance (worn)
 c - a +0 buckler (worn)
 f - a +2 ring mail of cold resistance (worn)
 o - a +0 pair of boots (worn)
 S - the +0 hat "Etuthroe" (worn) {rN++}
   (Okawaru gifted it to you on level 3 of the Lair of Beasts)

   rN++:      It greatly protects you from negative energy.
Jewellery
 p - an amulet of regeneration (around neck)
 s - a +4 ring of protection (right claw)
 C - a ring of resist corrosion
 F - a ring of protection from fire
 I - a ring of fire
 P - a ring of poison resistance
 Y - a ring of ice (left claw)
Wands
 D - a wand of digging (3)
 J - a wand of paralysis (16)
 L - a wand of iceblast (11)
 M - a wand of mindburst (6)
 U - a wand of light (12)
Scrolls
 a - 3 scrolls of immolation {unknown}
 g - 6 scrolls of fear
 i - 4 scrolls of identify
 j - 4 scrolls of enchant armour
 k - 3 scrolls of poison
 t - 5 scrolls of teleportation
 u - 3 scrolls of noise {unknown}
 w - a scroll of enchant weapon {unknown}
 y - 5 scrolls of amnesia
 B - 5 scrolls of blinking
 G - 2 scrolls of vulnerability {unknown}
 H - 3 scrolls of revelation
 N - a scroll of silence {unknown}
 R - 2 scrolls of torment {unknown}
 T - 2 scrolls of butterflies {unknown}
 V - 3 scrolls of fog {unknown}
 X - 2 scrolls of acquirement {unknown}
Potions
 d - 2 potions of might
 e - 2 potions of mutation {unknown}
 h - 6 potions of haste
 l - 3 potions of heal wounds
 m - 3 potions of berserk rage
 n - 4 potions of resistance
 q - 9 potions of curing
 z - 11 potions of ambrosia
 A - 2 potions of invisibility
 E - 9 potions of brilliance
 K - 6 potions of enlightenment
 O - a potion of attraction {unknown}
Miscellaneous
 v - a phantom mirror


   Skills:
 + Level 10.6 Fighting
 + Level 2.2(9.3) Short Blades
 - Level 14.0 Long Blades
 - Level 5.3 Axes
 - Level 6.1 Throwing
 - Level 2.6 Armour
 + Level 9.1 Stealth
 + Level 9.5 Shields
 - Level 1.3 Unarmed Combat
 + Level 2.0 Spellcasting
 + Level 5.9 Hexes
 - Level 12.2 Invocations


You had 16 spell levels left.
You knew the following spells:

 Your Spells              Type           Power      Damage    Failure   Level
s - Slow                  Hex            76%        N/A       5%          1

Your spell library contained the following spells:

 Spells                   Type           Power      Damage    Failure   Level
 Confusing Touch          Hex            19%        N/A       16%         3
 Sigil of Binding         Hex            19%        N/A       16%         3
 Ensorcelled Hibernation  Hex/Ice        30%        N/A       26%         2
 Summon Guardian Golem    Hex/Summ       10%        N/A       45%         3
 Apportation              Tloc           2%         N/A       52%         1
 Freeze                   Ice            4%         1d3       52%         1
 Kiss of Death            Conj/Necr      4%         2d5       52%         1
 Magic Dart               Conj           4%         1d3       52%         1
 Necrotise                Necr           4%         1d4       52%         1
 Summon Small Mammal      Summ           4%         N/A       52%         1
 Blink                    Tloc           2%         N/A       65%         2
 Call Imp                 Summ           2%         N/A       65%         2
 Lesser Beckoning         Tloc           2%         N/A       65%         2
 Momentum Strike          Conj/Tloc      2%         3d8       65%         2
 Passwall                 Tmut/Erth      0%         N/A       65%         2
 Searing Ray              Conj           2%         2d4       65%         2
 Fulminant Prism          Conj/Hex       5%         3d6       86%         4
 Mephitic Cloud           Conj/Pois/Air  1%         N/A       87%         3
 Ozocubu's Armour         Ice            1%         N/A       87%         3
 Swiftness                Air            1%         N/A       87%         3
 Vampiric Draining        Necr           1%         2d6       87%         3
 Manifold Assault         Tloc           1%         N/A       99%         4
 Summon Lightning Spire   Summ/Air       1%         N/A       99%         4
 Vhi's Electric Charge    Tloc/Air       2%         N/A       99%         4
 Arcjolt                  Conj/Air       0%         1d10      100%        5
 Summon Forest            Summ/Tloc      0%         N/A       100%        5
 Eringya's Noxious Bog    Tmut/Pois      0%         4d6       100%        6
 Haunt                    Necr/Summ      0%         N/A       100%        7
 Orb of Destruction       Conj           0%         9d5       100%        7
 Spellforged Servitor     Conj/Summ      0%         N/A       100%        7
 Summon Hydra             Summ           0%         N/A       100%        7
 Borgnjor's Revivificati  Necr           0%         N/A       100%        8
 Maxwell's Capacitive Co  Air            0%         ∞         100%        8
 Chain Lightning          Conj/Air       0%         2d1       100%        9
 Death's Door             Necr           0%         N/A       100%        9


Dungeon Overview and Level Annotations

Branches:
Dungeon (12/15)            Temple (1/1) D:4            Lair (5/5) D:8
 Shoals (0/4) Lair:2        Snake (0/4) Lair:2        Slime (0/5) Lair:4
    Orc (0/2) D:12          Sewer (visited)         Ossuary (visited)
Gauntlet (1/1)

Altars:
Ashenzari
Cheibriados
Dithmenos
Fedhas
Gozag
Hepliaklqana
Kikubaaqudgha
Makhleb
Nemelex Xobeh
Okawaru
Qazlal
Ru
Sif Muna
Trog
Uskayaw
Vehumet
Wu Jian
Xom
Yredelemnul
Jiyva

Shops:
D:3 :

Annotations:
Lair:4 3 runed translucent doors, Dutrue's ghost, journeyman MiBe Gauntlet 8 transporters, exclusions: ice statue and lightning spire


Innate Abilities, Weirdness & Mutations

You have claws for hands.
You have a moderately thin skeletal structure. (Dex +4, Stealth++)
A powerful demonic guardian rushes to your aid.
Your demonic aura often causes spilled blood to erupt in flames.
Your hexes are more powerful.


Message History

The minotaur is engulfed in blazing flames.
The minotaur hits you with a +1 vampiric great sword!!!
A demonic guardian appears!
The minotaur draws strength from your wounds!
You block the minotaur's attack.
You take 40 damage, and have 41/111 hp.
MASSIVE DAMAGE!!
You puncture the minotaur!
The minotaur is moderately wounded.
You barely miss the minotaur.
The minotaur furiously retaliates!
The minotaur headbutts you.
The minotaur is moderately wounded.
The minotaur is engulfed in blazing flames.
You block the minotaur's attack. The minotaur gores you.
You take 7 damage, and have 35/111 hp.
You hit the minotaur but do no damage.
The minotaur is moderately wounded.
Your smoke demon hits the minotaur but does no damage. x2
Your smoke demon barely misses the minotaur.
You hit the minotaur but do no damage.
The minotaur is moderately wounded.
The minotaur is engulfed in blazing flames.
The minotaur closely misses you. You block the minotaur's attack.
Your smoke demon hits the minotaur but does no damage.
Your smoke demon completely misses the minotaur.
Your smoke demon hits the minotaur but does no damage.
You hit the minotaur.
The minotaur is heavily wounded.
You closely miss the minotaur.
The minotaur is heavily wounded.
The minotaur is engulfed in blazing flames.
The minotaur hits you with a +1 vampiric great sword!!!
* * * LOW HITPOINT WARNING * * *
The minotaur misses you.
Your smoke demon hits the minotaur.
Your smoke demon hits the minotaur but does no damage. x2
You take 36 damage, and have 1/111 hp.
MASSIVE DAMAGE!!
You hit the minotaur.
The minotaur is severely wounded.
The minotaur is engulfed in blazing flames.
You block the minotaur's attack. The minotaur gores you!
You die...

##..#? ######≈..#z
..#.###..##
###.#..##.... ###
#.#.#...#..## #..
#.#.#...#..#.
#.#####...#.©.#8.#$
#.#⌠3⌠#.#.#...#..#.
#.@H∩.#.#...©.#∩.#©
#°#⌠.⌠#.#.#...#..#h
#.#####.#.#.©.#8.#"
#....##.#.#...#..#.
####....#.#...#..##
######.#..##....
..#.###..##
######≈..## ##..#)


You could see a minotaur (ally target) and a friendly smoke demon (summoned).

Vanquished Creatures
  A stone giant (Gauntlet)
  A minotaur (Lair:1)
  Snorg (Lair:5)
  Josephine (Lair:5)
  The ghost of Wavotuych the Thaumaturge, a journeyman NaEE of Vehumet (D:11)
  3 hydras
  A merfolk avatar (Lair:5)
  2 centaur warriors (D:11)
  A boulder beetle (D:10)
  A catoblepas (Lair:4)
  2 two-headed ogres (D:11)
  20 death yaks
  3 tengu warriors
  A deep elf knight (D:11)
  A sea snake (Lair:5)
  A harpy (Lair:5)
  An ugly thing (D:11)
  2 manticores
  A cyclops (D:11)
  A moth of wrath (Gauntlet)
  Joseph (D:8)
  22 elephants
  5 black mambas
  9 cane toads
  2 unseen horrors
  Jeremiah (D:6)
  A kobold demonologist (D:10)
  10 komodo dragons
  A komodo dragon (shapeshifter) (D:8)
  3 rime drakes
  3 polar bears (Lair:5)
  4 trolls
  3 meliai (Lair:4)
  A queen bee (Lair:4)
  3 hornets
  Prince Ribbit (D:8)
  A wolf spider simulacrum (Gauntlet)
  2 wind drakes (Lair:5)
  15 blink frogs
  2 snapping turtles (Lair:5)
  Sigmund (D:2)
  2 centaur simulacra (Gauntlet)
  5 wraiths
  A vampire (D:11)
  9 wyverns
  40 yaks
  3 basilisks
  Grum (D:8)
  4 steam dragons
  3 vampire mosquitoes (D:12)
  A redback simulacrum (Gauntlet)
  2 nagas (Lair:2)
  14 water moccasins
  2 acid dragons
  A meliai simulacrum (Gauntlet)
  2 ice beasts
  9 black bears
  2 orc warriors
  5 sky beasts
  An ice dragon simulacrum (Gauntlet)
  An ogre (D:6)
  28 wolves
  17 centaurs
  A phantom (D:6)
  7 kobold brigands
  11 scorpions
  11 bullfrogs
  A cane toad simulacrum (Gauntlet)
  5 wights (D:9)
  A gnoll sergeant (D:11)
  A wyvern skeleton (D:6)
  35 killer bees
  3 howler monkeys (D:10)
  A bullfrog zombie (D:6)
  4 crimson imps (D:5)
  3 hounds
  A human zombie (Ossuary)
  6 jellies
  2 orc priests (D:8)
  2 gnoll boudas (D:7)
  A scorpion zombie (Ossuary)
  4 iguanas
  10 orc wizards
  Terence (D:2)
  A statue (D:6)
  A boggart simulacrum (Gauntlet)
  3 mummies (Ossuary)
  Robin (D:4)
  3 gnolls (D:7)
  A howler monkey skeleton (D:6)
  7 adders
  2 river rats (Sewer)
  A shadow imp (D:7)
  2 white imps
  An ufetubus (D:6)
  A worm zombie (D:5)
  4 worms
  3 dart slugs
  17 orcs
  11 ball pythons
  2 bats
  10 endoplasms
  8 giant cockroaches
  6 gnoll zombies (Ossuary)
  7 goblins
  4 hobgoblins
  2 jackals (Sewer)
  32 kobolds
  5 quokkas
  4 frilled lizards
  A goblin zombie (Ossuary)
  5 kobold zombies (Ossuary)
  4 orc zombies (Ossuary)
  11 rats
561 creatures vanquished.

Vanquished Creatures (collateral kills)
  A red draconian (Gauntlet)
  A centaur warrior (D:11)
  3 wolves (Gauntlet)
  A worm (D:2)
6 creatures vanquished.

Grand Total: 567 creatures vanquished

Notes
Turn   | Place    | Note
-------+----------+-------------------------------------------
     0 | D:1      | Dirtsage the Demonspawn Fighter began the quest for the
                  | Orb.
     0 | D:1      | Reached XP level 1. HP: 18/18 MP: 1/1
   118 | D:1      | Gained mutation: You have a somewhat thin skeletal
                  | structure. (Dex +2, Stealth+) [demonic ancestry]
   118 | D:1      | Reached XP level 2. HP: 24/24 MP: 2/2
   662 | D:2      | Gained mutation: You have a moderately thin skeletal
                  | structure. (Dex +4, Stealth++) [demonic ancestry]
   662 | D:2      | Reached XP level 3. HP: 29/29 MP: 3/3
   680 | D:2      | Found an iron altar of Okawaru.
   684 | D:2      | Noticed Sigmund
   695 | D:2      | Killed Sigmund
   696 | D:2      | Reached skill level 5 in Axes
   696 | D:2      | Gained mutation: You have sharp fingernails. [demonic
                  | ancestry]
   696 | D:2      | Reached XP level 4. HP: 35/35 MP: 4/4
   696 | D:2      | Gained mutation: A weak demonic guardian rushes to your
                  | aid. [demonic ancestry]
   696 | D:2      | Reached XP level 5. HP: 41/41 MP: 5/5
   907 | D:2      | Identified the amulet of Puut {RegenMP Int+5 Dex+3}
   919 | D:2      | Noticed Terence
   928 | D:2      | Killed Terence
   929 | D:2      | Reached skill level 1 in Unarmed Combat
  1094 | D:2      | Found a faded altar of an unknown god.
  1094 | D:2      | Found a faded altar of an unknown god.
  1447 | D:3      | Found a broken altar of Ashenzari.
  1506 | D:3      | Found Takaisit's Book Shop.
  1640 | D:3      | Found an ancient bone altar of Kikubaaqudgha.
  1642 | D:3      | Reached skill level 1 in Long Blades
  1684 | D:3      | Reached XP level 6. HP: 47/47 MP: 6/6
  1689 | D:3      | Got a parchment book
  2032 | D:4      | Reached skill level 2 in Long Blades
  2102 | D:4      | Found a glowing drain.
  2106 | Sewer    | Entered a sewer
  2142 | Sewer    | Reached skill level 3 in Long Blades
  2268 | Sewer    | Gained mutation: You have very sharp fingernails. [demonic
                  | ancestry]
  2268 | Sewer    | Reached XP level 7. HP: 34/52 MP: 7/7
  2417 | Sewer    | Reached skill level 4 in Long Blades
  2996 | D:4      | Reached skill level 5 in Long Blades
  3015 | D:4      | Found a staircase to the Ecumenical Temple.
  3022 | Temple   | Entered the Ecumenical Temple
  3063 | Temple   | Became a worshipper of Warmaster Okawaru
  3252 | D:4      | Noticed Robin
  3259 | D:4      | Killed Robin
  3838 | D:5      | Entered Level 5 of the Dungeon
  3860 | D:5      | Reached skill level 6 in Long Blades
  3880 | D:5      | Found a sand-covered staircase.
  3890 | Ossuary  | Entered an ossuary
  3903 | Ossuary  | Gained mutation: Your demonic aura sometimes causes spilled
                  | blood to erupt in flames. [demonic ancestry]
  3903 | Ossuary  | Reached XP level 8. HP: 58/58 MP: 8/8
  3919 | Ossuary  | Reached * piety under Okawaru
  4002 | Ossuary  | Reached skill level 7 in Long Blades
  4002 | Ossuary  | Reached skill level 1 in Invocations
  4433 | D:5      | Found a shimmering altar of Xom.
  4439 | D:5      | Reached ** piety under Okawaru
  4512 | D:5      | Found an ornate altar of the Wu Jian Council.
  4515 | D:5      | Found a sparkling altar of Nemelex Xobeh.
  4521 | D:5      | Found a basalt altar of Yredelemnul.
  4574 | D:5      | Gained mutation: You have claws for hands. [demonic
                  | ancestry]
  4574 | D:5      | Reached XP level 9. HP: 65/65 MP: 11/11
  4605 | D:5      | Paralysed by a crimson imp for 2 turns
  4853 | D:6      | Reached skill level 8 in Long Blades
  4908 | D:6      | Found a radiant altar of Vehumet.
  5282 | D:6      | Noticed Jeremiah
  5327 | D:6      | Killed Jeremiah
  5961 | D:7      | Reached skill level 5 in Invocations
  5990 | D:7      | Reached skill level 5 in Fighting
  6098 | D:7      | You fall into a shaft and drop 3 floors!
  6098 | D:10     | Entered Level 10 of the Dungeon
  6172 | D:10     | Noticed a kobold demonologist
  6181 | D:10     | Killed a kobold demonologist
  6181 | D:10     | Reached *** piety under Okawaru
  6182 | D:10     | Reached skill level 9 in Long Blades
  6182 | D:10     | Reached skill level 1 in Stealth
  6182 | D:10     | Noticed a boulder beetle
  6183 | D:10     | Noticed a troll
  6188 | D:10     | Reached skill level 5 in Shields
  6194 | D:10     | Killed a boulder beetle
  6195 | D:10     | Gained mutation: A demonic guardian rushes to your aid.
                  | [demonic ancestry]
  6195 | D:10     | Reached XP level 10. HP: 76/76 MP: 14/14
  6487 | D:8      | Reached **** piety under Okawaru
  6499 | D:8      | Found a shadowy altar of Dithmenos.
  6637 | D:8      | Noticed Grum
  6646 | D:8      | Killed Grum
  6766 | D:8      | Noticed Joseph
  6772 | D:8      | Killed Joseph
  6828 | D:8      | Noticed Prince Ribbit
  6833 | D:8      | Killed Prince Ribbit
  6834 | D:8      | Reached skill level 10 in Long Blades
  7266 | D:7      | Found a snail-covered altar of Cheibriados.
  7750 | D:8      | Noticed a death yak
  7751 | D:8      | Noticed a death yak
  7781 | D:8      | Killed a death yak
  7781 | D:8      | Reached ***** piety under Okawaru
  7797 | D:8      | Noticed a death yak
  7811 | D:8      | Killed a death yak
  7811 | D:8      | Received a gift from Okawaru
  7812 | D:8      | Gained mutation: A powerful demonic guardian rushes to your
                  | aid. [demonic ancestry]
  7812 | D:8      | Reached XP level 11. HP: 81/83 MP: 16/16
  7828 | D:8      | Killed a death yak
  8025 | D:8      | Found a staircase to the Lair.
  8415 | D:8      | Reached skill level 11 in Long Blades
  8416 | D:8      | Got a conspicuous book
  8418 | D:8      | Identified the +1 pair of gloves "Kusejomu" {Int+6}
  8419 | D:8      | Identified the +3 falchion of Chance {heavy, Contam rPois
                  | rN+ Dex+5}
  8422 | D:8      | Identified the +1 robe of Pantheism {Str+3}
  8666 | D:9      | Found a bloodstained altar of Trog.
  8763 | D:9      | Reached skill level 5 in Stealth
  9099 | D:9      | Found a blossoming altar of Fedhas.
  9371 | D:10     | Received a gift from Okawaru
  9915 | Lair:1   | Entered Level 1 of the Lair of Beasts
  9973 | Lair:1   | Reached skill level 1 in Throwing
 10272 | Lair:1   | Found a runed translucent door.
 10532 | Lair:1   | Gained mutation: Your hexes are more powerful. [demonic
                  | ancestry]
 10532 | Lair:1   | Reached XP level 12. HP: 80/92 MP: 18/18
 11102 | Lair:1   | Noticed a minotaur
 11113 | Lair:1   | Killed a minotaur
 11284 | Lair:2   | Found a staircase to the Shoals.
 11390 | Lair:2   | Found a staircase to the Snake Pit.
 11447 | Lair:2   | Received a gift from Okawaru
 11487 | Lair:2   | Reached skill level 12 in Long Blades
 11765 | Lair:2   | Reached skill level 10 in Invocations
 11896 | Lair:2   | Learned a level 1 spell: Slow
 12426 | Lair:3   | Reached ****** piety under Okawaru
 12426 | Lair:3   | Received a gift from Okawaru
 12432 | Lair:3   | Reached skill level 1 in Hexes
 12432 | Lair:3   | Acquired the +0 hat "Etuthroe" {rN++}
 12432 | Lair:3   | Received a gift from Okawaru
 12433 | Lair:3   | Acquired the +8 falchion of the Boar {flame, rC+ rCorr
                  | Int+4}
 12433 | Lair:3   | Received a gift from Okawaru
 12773 | Lair:3   | Received a gift from Okawaru
 12778 | Lair:3   | Gained mutation: Your demonic aura often causes spilled
                  | blood to erupt in flames. [demonic ancestry]
 12778 | Lair:3   | Reached XP level 13. HP: 95/100 MP: 20/20
 13417 | Lair:4   | Received a gift from Okawaru
 13445 | Lair:4   | Reached skill level 13 in Long Blades
 13489 | Lair:4   | Found a runed translucent gate.
 13490 | Lair:4   | Found a runed translucent gate.
 13493 | Lair:4   | Found a runed translucent gate.
 13815 | Lair:4   | Found a staircase to the Slime Pits.
 13819 | Lair:4   | Found a viscous altar of Jiyva.
 13863 | Lair:4   | Reached skill level 5 in Throwing
 13912 | Lair:4   | Received a gift from Okawaru
 14193 | Lair:4   | Noticed Dutrue's ghost (journeyman MiBe)
 14376 | Lair:5   | Entered Level 5 of the Lair of Beasts
 14376 | Lair:5   | Noticed Snorg
 14382 | Lair:5   | Killed Snorg
 14645 | Lair:5   | Reached XP level 14. HP: 25/109 MP: 16/22
 14733 | Lair:5   | HP: 5/109 [seven-headed hydra (2)]
 14873 | Lair:5   | Received a gift from Okawaru
 14997 | Lair:5   | Reached skill level 10 in Fighting
 15258 | Lair:5   | Received a gift from Okawaru
 15284 | Lair:5   | Reached skill level 5 in Hexes
 15720 | Lair:5   | Noticed Josephine
 15722 | Lair:5   | Found a basalt altar of Yredelemnul.
 15747 | Lair:5   | Killed Josephine
 15748 | Lair:5   | Reached skill level 14 in Long Blades
 16368 | D:5      | Fell from the grace of Okawaru
 16368 | D:5      | Became a worshipper of the Wu Jian Council
 16764 | D:11     | Found a runed translucent door.
 16764 | D:11     | Noticed Wavotuych's ghost (journeyman NaEE)
 17017 | D:11     | Reached skill level 1 in Short Blades
 17035 | D:11     | Reached skill level 1 in Spellcasting
 17891 | D:11     | Killed Wavotuych's ghost
 17994 | D:12     | Reached * piety under Wu Jian
 18015 | D:12     | Found a gate leading to a gauntlet.
 18051 | Gauntlet | Entered a Gauntlet
 18051 | Gauntlet | Found a transporter.
 18051 | Gauntlet | Found a transporter.
 18062 | Gauntlet | Found a transporter.
 18074 | Gauntlet | Found a transporter.
 18092 | Gauntlet | Found a transporter.
 18092 | Gauntlet | Found a transporter.
 18094 | Gauntlet | Found a transporter.
 18094 | Gauntlet | Found a transporter.
 18095 | Gauntlet | Found a transporter.
 18106 | Gauntlet | Found a transporter.
 18122 | Gauntlet | Found a transporter.
 18132 | Gauntlet | Found a transporter.
 18146 | Gauntlet | Found a transporter.
 18168 | Gauntlet | Found a transporter.
 18457 | Gauntlet | Noticed a stone giant
 18489 | Gauntlet | Killed a stone giant
 18542 | Gauntlet | HP: 1/111 [minotaur/+1 vampiric great sword (37)]
 18543 | Gauntlet | Mangled by a minotaur

Illustrated notes

Levels and vault maps discovered:
D:1:      spicycebolla_arrival_clurvy, layout_rooms, minmay_tromino_i4
D:2:      minmay_door_path, layout_rooms, basic_altar,
          hellmonk_ecumenical_altar_the_god_not_taken, minmay_3d_cube,
          uniq_sigmund, uniq_terence
D:3:      layout_rooms, lemuel_round_altar, nicolae_overflow_hidden_temple,
          serial_shops, shop, kennysheep_generic_room_14
D:4:      layout_basic, mainiacjoe_overflow_alcove_4,
          minmay_temple_entry_nine_rooms, gup_sewer_entry_bowl, uniq_robin
D:5:      layout_cave_pools, led_xom_imps, grunt_temple_overflow_cloverleaf,
          enter_ossuary_3
D:6:      layout_basic, vehumet_statue, serial_undead, serial_undead_f,
          serial_undead_d, serial_undead_c, serial_undead_a, uniq_jeremiah
D:7:      layout_gridville, cheibriados_altar_1,
          minmay_fractal_squares_diagonal_5
D:8:      layout_loops_ring, nicolae_dithmenos_through_a_glass_darkly,
          mainiacjoe_overflow_alcove_2, dpeg_lair_monsters, minmay_the_grid_2x2
          [minmay_the_grid_spikes, minmay_the_grid_dragon_a,
          minmay_the_grid_tree, minmay_the_grid_prize_diamond_cup], uniq_grum,
          uniq_joseph, uniq_prince_ribbit1
D:9:      layout_loops_ring, kennysheep_little_box, trog_ov_bears_minmay,
          hangedman_misty_isle
D:10:     layout_irregular_city, minmay_misc_feat_columns, corner_web_ring,
          dk_noncrumbling_4, minmay_misc_feat_room
D:11:     minmay_ornate_pinched, layout_long_grid,
          hellmonk_ghost_happy_afterlife
D:12:     layout_basic, erik_orc_2, enter_trove_6, gauntlet_entry_generic,
          roderic_roman_lattice
Temple:   pf_temple_reverse_labyrinth
Lair:1:   dreamdust_labyrinth, layout_gridlike, minivault_19
Lair:2:   layout_regular_city, shoals_dummy_entry, guppyfry_snake_entry_island,
          basic_altar, grunt_megastairs_3, serial_bayou_shore_b
Lair:3:   layout_long_grid, lemuel_fruit_tree
Lair:4:   layout_gridlike, nicolae_slime_entry_field_trip, special_room
          [special_room_bee], gammafunk_ghost_necromancy,
          infiniplex_staircase_pool, grunt_megastairs_2
Lair:5:   gammafunk_lair_ancient_temple, layout_cave_pods, basic_altar,
          uniq_snorg, uniq_josephine
Gauntlet: gammafunk_gauntlet_mixed_choke_point
          [minmay_gauntlet_arena_77_radiant_squares,
          minmay_gauntlet_arena_77_double_cross,
          minmay_gauntlet_arena_77_p_blocks,
          gammafunk_gauntlet_arena_arrow_garden, minmay_gauntlet_arena_77_mess,
          minmay_gauntlet_arena_77_mirror,
          minmay_gauntlet_arena_77_terracotta_army,
          dreamdust_gauntlet_exit_labyrinth]

Skill      XL: |  1  2  3  4  5  6  7  8  9 10 11 12 13 14 |
---------------+-------------------------------------------+-----
Axes           | 2 3 5 |  5.3
Unarmed Combat | 1 |  1.3
Long Blades    | 1 3 6 7 9 10 11 12 13 14 | 14.0
Invocations    | 3 6 7 9 10 11 12 | 12.2
Shields        | 3 5 6 7 8 9 |  9.5
Fighting       | 4 5 6 7 8 9 10 | 10.6
Stealth        | 2 4 5 6 8 9 |  9.1
Throwing       | 1 3 5 6 |  6.1
Hexes          | 2 4 5 |  5.9
Short Blades   | 2 |  2.2
Spellcasting   | 2 |  2.0
Armour         | |  2.6

Action                     |  1- 3 |  4- 6 |  7- 9 | 10-12 | 13-15 || total
---------------------------+-------+-------+-------+-------+-------++-------
  Melee: War axe           |    76 |    22 |       |       |       ||    98
         Long sword        |       |    72 |   275 |   515 |   469 ||  1331
         Unarmed           |       |    17 |       |       |       ||    17
         Falchion          |       |       |       |       |    19 ||    19
         Cutlass           |       |       |       |       |   364 ||   364
  Throw: Dart              |       |       |       |     2 |       ||     2
 Invoke: Heroism           |       |       |     2 |     1 |     4 ||     7
         Receive Weapon    |       |       |       |     1 |       ||     1
         Receive Armour    |       |       |       |     1 |       ||     1
         Finesse           |       |       |       |       |     4 ||     4
Ability: Lunge             |       |       |       |       |     6 ||     6
         Whirlwind         |       |       |       |       |     2 ||     2
  Evoke: Wand              |       |       |       |       |     3 ||     3
    Use: Potion            |       |     1 |     1 |       |     5 ||     7
         Scroll            |       |       |     9 |     6 |     4 ||    19
   Stab: Sleeping          |     3 |    17 |    25 |    20 |    12 ||    77
         Distracted        |       |       |     1 |     2 |     3 ||     6
         Invisible         |       |       |       |       |     6 ||     6
 Armour: Ring mail         |    32 |    35 |    96 |   230 |   548 ||   941
  Dodge: Dodged            |    64 |    49 |   178 |   234 |   249 ||   774
  Block: Buckler           |    19 |    18 |    61 |   133 |   205 ||   436

Table legend: (Time is in decaauts)
 A = Elapsed time spent in this place.
 B = Non-inter-level travel time spent in this place.
 C = Inter-level travel time spent in this place.
 D = Time resting spent in this place.
 E = Time spent auto-exploring this place.
 F = Levels seen in this place.
 G = Mean time per level.
                   A        B        C        D        E       F      G
               +--------+--------+--------+--------+--------+-----+--------+
         Total |  18421 |  17047 |   1374 |    665 |  12454 |  21 |  877.2 |
       Dungeon |  10203 |   9322 |    881 |    242 |   7172 |  12 |  850.2 |
        Temple |     81 |      2 |     79 |      0 |      0 |   1 |   81.0 |
          Lair |   6396 |   5983 |    413 |    399 |   4245 |   5 | 1279.2 |
         Sewer |    973 |    973 |      0 |      0 |    775 |   1 |  973.0 |
       Ossuary |    338 |    338 |      0 |      0 |    176 |   1 |  338.0 |
      Gauntlet |    427 |    427 |      0 |     24 |     85 |   1 |  427.0 |
               +--------+--------+--------+--------+--------+-----+--------+

Top non-repeatable levels by time:
  Lair:5: 1780 daAuts
     D:8: 1482 daAuts
  Lair:1: 1425 daAuts
     D:6: 1127 daAuts
  Lair:4: 1114 daAuts
    D:11: 1110 daAuts
  Lair:2: 1092 daAuts
     D:4: 1077 daAuts
     D:7: 1056 daAuts
  Lair:3: 983 daAuts
   Sewer: 973 daAuts
     D:9: 872 daAuts
     D:2: 837 daAuts
    D:10: 742 daAuts
     D:5: 709 daAuts
